 Dungeon Crawl Stone Soup version 0.27.1-2-g3b301248ec (webtiles) character file.

Game seed: 2688454909557889691

16828 Descartes the Brawler (level 12, 0/111 HPs)
             Began as a Troll Monk on Oct 5, 2021.
             Slain by a redback (10 damage)
             ... on level 4 of the Lair of Beasts.
             The game lasted 00:21:12 (7813 turns).

Descartes the Brawler (Troll Monk)                  Turns: 7813, Time: 00:21:13

Health: 0/111      AC: 12    Str: 22    XL:     12   Next: 13%
Magic:  11/11      EV: 15    Int: 10    God:
Gold:   598        SH:  0    Dex: 16    Spells: 11/11 levels left

rFire    + + .     SeeInvis .     - Unarmed
rCold    x . .     Faith    .   (no shield)
rNeg     . . .     Spirit   .   E - +0 swamp dragon scales
rPois    +         Reflect  .   P - +2 hat {Will+}
rElec    .         Harm     .   B - +0 cloak
rCorr    .         Rampage  .   (gloves unavailable)
Will     ++...     Rnd*Rage +   (boots unavailable)
Stlth    +.........             J - amulet of regeneration
HPRegen  2.28/turn              S - ring of Peroyr {Fire Will+ Dex+4}
MPRegen  0.12/turn              I - +4 ring of evasion

@: lethally poisoned (0 -> -2), studying Translocations
A: large, unfitting armour, claws 3, regeneration 1, shaggy fur 1, tough skin 1,
beak, berserk 1, fire resistance 1
a: no special abilities


You were on level 4 of the Lair of Beasts.
You visited 3 branches of the dungeon, and saw 13 of its levels.
You also visited: Gauntlet.

You collected 598 gold pieces.

Inventory:

Hand Weapons
 z - the +7 dagger "Kuku" {holy, +Rage rF+}
   (You found it on level 5 of the Dungeon)

   It has been blessed by the Shining One to cause great damage to the undead
   and demons.
   rF:        It protects you from fire.
   +Rage:     It lets you go berserk.
 Y - the +8 quarterstaff "Faluf" {venom, rPois Will++ Int+4}
   (You found it in a Gauntlet)

   It poisons the flesh of those it strikes.
   Int:       It affects your intelligence (+4).
   rPois:     It protects you from poison.
   Will:      It greatly increases your willpower.
Missiles
 c - 251 stones (quivered)
 d - 189 arrows
 o - 56 poisoned darts
 s - 102 bolts
 C - 3 boomerangs
 F - 52 sling bullets
 G - a throwing net
 K - 6 datura-tipped darts
 T - 7 silver javelins
Armour
 j - +0 steam dragon scales
 B - a +0 cloak (worn)
 E - +0 swamp dragon scales (worn)
 O - +0 acid dragon scales
 P - a +2 hat of willpower (worn)
Jewellery
 q - a +6 ring of dexterity
 I - a +4 ring of evasion (right claw)
 J - an amulet of regeneration (around neck)
 R - a ring of see invisible
 S - the ring of Peroyr (left claw) {Fire Will+ Dex+4}
   (You found it in a Gauntlet)

   [ring of fire]

   It enhances your fire magic.
   Dex:       It affects your dexterity (+4).
   rF:        It protects you from fire.
   rC:        It makes you vulnerable to cold.
   Will:      It increases your willpower.
Wands
 L - a wand of charming (14)
 X - a wand of mindburst (11)
Scrolls
 b - 2 scrolls of enchant weapon {unknown}
 e - a scroll of amnesia
 f - 7 scrolls of teleportation
 g - 2 scrolls of fog {unknown}
 k - 3 scrolls of magic mapping
 l - 2 scrolls of summoning {unknown}
 r - 3 scrolls of fear {unknown}
 t - a scroll of brand weapon {unknown}
 x - a scroll of holy word {unknown}
 y - 3 scrolls of immolation {unknown}
 A - a scroll of vulnerability {unknown}
 U - 2 scrolls of identify
 W - a scroll of blinking {unknown}
Potions
 a - a potion of brilliance {unknown}
 h - a potion of mutation
 i - a potion of lignification
 m - a potion of heal wounds
 n - a potion of flight {unknown}
 p - a potion of ambrosia {unknown}
 u - 5 potions of curing
 v - a potion of attraction {unknown}
 D - 2 potions of degeneration {unknown}
 H - a potion of might
 M - a potion of berserk rage {unknown}
 N - a potion of resistance {unknown}
 Q - a potion of haste {unknown}


   Skills:
 - Level 5.0 Fighting
 - Level 5.0 Dodging
 - Level 1.0 Stealth
 + Level 16.5 Unarmed Combat
 - Level 5.0 Evocations


You had 11 spell levels left.
You didn't know any spells.
Your spell library contained the following spells:

 Spells                   Type           Power      Damage    Failure   Level
 Shock                    Conj/Air       0%         1d3       52%         1
 Static Discharge         Conj/Air       0%         N/A       67%         2
 Summon Guardian Golem    Hex/Summ       0%         N/A       88%         3
 Swiftness                Air            0%         N/A       88%         3
 Airstrike                Air            0%         N/A       99%         4
 Dispel Undead            Necr           0%         3d6       99%         4
 Sticky Flame             Conj/Fire      0%         2d3       99%         4
 Orb of Destruction       Conj           0%         N/A       100%        7
 Spellforged Servitor     Conj/Summ      0%         N/A       100%        7


Dungeon Overview and Level Annotations

Branches:
Dungeon (8/15)             Temple (1/1) D:5            Lair (4/6) D:8
 Spider (0/4) Lair:4      Gauntlet (visited)
  Swamp: Lair:2-4    Shoals: Lair:2-4

Altars:
Ashenzari
Cheibriados
Dithmenos
Elyvilon
Fedhas
Gozag
Kikubaaqudgha
Makhleb
Nemelex Xobeh
Okawaru
Qazlal
Ru
Sif Muna
Trog
Vehumet
Wu Jian
Xom
Yredelemnul
Zin
The Shining One

Portals:
Abyss: D:7


Innate Abilities, Weirdness & Mutations

You are too large for most types of armour.
You have claws for hands.
Your natural rate of healing is unusually fast.
You are covered in fur. (AC +1)
You have tough skin. (AC +1)
You have a beak for a mouth.
You tend to lose your temper in combat.
Your flesh is heat resistant. (rF+)


Message History

You are more poisoned.
The redback poisons you! The jumping spider pounces on you.
You are caught in a web!
The jumping spider closely misses you.
The web tears apart.
You feel extremely sick. The redback bites you.
* * * LOW HITPOINT WARNING * * *
The jumping spider closely misses you. The jumping spider barely misses you.
The redback bites you but does no damage.
The jumping spider closely misses you.
The jumping spider bites you but does no damage.
You scratch the jumping spider.
You peck the jumping spider, but do no damage.
The jumping spider is severely wounded.
You feel very sick. The redback bites you.
* * * LOW HITPOINT WARNING * * *
The jumping spider closely misses you.
The jumping spider bites you but does no damage.
You scratch the jumping spider.
The jumping spider is almost dead.
You feel very sick. The redback closely misses you.
The jumping spider barely misses you.
The jumping spider bites you but does no damage.
You barely miss the jumping spider.
The jumping spider is almost dead.
You feel very sick. The redback completely misses you.
The jumping spider pounces on you.
* * * LOW HITPOINT WARNING * * *
The jumping spider barely misses you.
Unknown command.
You claw the jumping spider!
You kill the jumping spider!
You feel very sick.
The redback bites you but does no damage.
You closely miss the redback. You peck the redback.
The redback is lightly wounded.
You feel very sick. The redback bites you!
You die...

##..........#.#..................
#≈.≈≈†<.≈............###...###P..
.≈≈≈≈...≈≈...#.##...######## ##.
.≈≈≈≈≈≈≈≈≈..#####..##...
.≈≈≈≈≈≈≈≈≈..########..>.
≈.≈≈≈≈≈≈≈≈..#P..# .^....
...≈≈≈≈≈≈≈......##....^#
#..≈.≈≈≈....#..##s.^^^#
###........##.##@†^^^#
#.###<...#.......### ##
#...#.....^### #...#......##
#..........# ....#.......
..####....## #. #...## #....


You could see a redback.

Vanquished Creatures
  Gastronok (Lair:1)
  A minotaur (Gauntlet)
  Harold (D:7)
  3 hydras
  A death yak (Lair:4)
  A two-headed ogre (D:8)
  2 wizards (Gauntlet)
  The ghost of AZSletch the Ruffian, a novice DrTm of Makhleb (D:7)
  An ugly thing (D:7)
  Joseph (D:8)
  A black mamba (Lair:1)
  Maggie (D:7)
  4 cane toads
  A kobold demonologist (D:5)
  4 komodo dragons
  An ancient zyme (D:7)
  A jumping spider (Lair:4)
  A hornet (D:8)
  A raiju (Gauntlet)
  3 slime creatures (Gauntlet)
  2 wyverns
  2 redbacks (Lair:4)
  A steam dragon (Gauntlet)
  An acid dragon (D:8)
  5 water moccasins
  An orc warrior (D:8)
  An ice beast (D:6)
  A black bear (D:8)
  2 necrophages
  A centaur (D:6)
  A phantom (D:6)
  2 gnoll sergeants (D:7)
  A scorpion (D:5)
  2 bullfrogs (Lair:1)
  A water moccasin zombie (D:5)
  10 killer bees (D:8)
  An electric eel (Lair:4)
  3 wights (D:8)
  3 howler monkeys
  4 bullfrog zombies
  An iron imp (D:7)
  3 centaur skeletons
  3 hounds
  2 jellies
  3 small abominations (D:7)
  An iguana (D:4)
  A howler monkey skeleton (D:5)
  3 gnolls (D:7)
  4 adders
  2 shadow imps
  4 white imps
  2 worms
  2 dart slugs
  16 orcs
  6 endoplasms
  4 giant cockroaches
  4 goblins
  7 hobgoblins
  7 jackals
  10 kobolds
  8 quokkas
  5 ball pythons
  3 bats
  6 frilled lizards
  8 rats
191 creatures vanquished.

Vanquished Creatures (others)
  14 demonic plants (Gauntlet)
  5 fungi (Gauntlet)
  22 plants
41 creatures vanquished.

Grand Total: 232 creatures vanquished

Notes
Turn   | Place    | Note
-------+----------+-------------------------------------------
     0 | D:1      | Descartes the Troll Monk began the quest for the Orb.
     0 | D:1      | Reached XP level 1. HP: 22/22 MP: 0/0
    31 | D:1      | Found a faded altar of an unknown god.
    91 | D:1      | Reached XP level 2. HP: 29/29 MP: 1/1
   764 | D:2      | Reached XP level 3. HP: 36/36 MP: 2/2
  1053 | D:2      | Found a basalt altar of Yredelemnul.
  1443 | D:3      | Reached XP level 4. HP: 43/45 MP: 3/3
  2141 | D:4      | Reached skill level 4 in Unarmed Combat
  2216 | D:4      | Reached XP level 5. HP: 53/53 MP: 4/4
  2732 | D:5      | Entered Level 5 of the Dungeon
  2739 | D:5      | Noticed a water moccasin
  2748 | D:5      | Reached XP level 6. HP: 35/62 MP: 5/5
  2755 | D:4      | Killed a water moccasin
  2809 | D:5      | Reached skill level 5 in Unarmed Combat
  2823 | D:5      | Noticed a kobold demonologist
  2837 | D:5      | Killed a kobold demonologist
  2838 | D:5      | Reached XP level 7. HP: 67/71 MP: 6/6
  3057 | D:5      | Found a staircase to the Ecumenical Temple.
  3063 | D:5      | Reached skill level 5 in Fighting
  3063 | D:5      | Reached skill level 5 in Dodging
  3071 | Temple   | Entered the Ecumenical Temple
  3182 | D:5      | Identified the +7 dagger "Kuku" {holy, +Rage rF+}
  3349 | D:5      | Found an ornate altar of the Wu Jian Council.
  3397 | D:5      | Found a snail-covered altar of Cheibriados.
  3742 | D:6      | Noticed an eight-headed hydra
  3751 | D:6      | Killed an eight-headed hydra
  3752 | D:6      | Reached skill level 8 in Unarmed Combat
  3752 | D:6      | Reached XP level 8. HP: 48/80 MP: 7/7
  3896 | D:6      | Reached skill level 1 in Evocations
  4095 | D:6      | Reached skill level 9 in Unarmed Combat
  4162 | D:6      | Reached XP level 9. HP: 88/88 MP: 8/8
  4187 | D:6      | Found a shimmering blue altar of Sif Muna.
  4460 | D:7      | Noticed Maggie
  4482 | D:7      | Killed Maggie
  4638 | D:7      | Noticed an ancient zyme
  4640 | D:7      | Found a one-way gate to the infinite horrors of the Abyss.
  4640 | D:7      | Noticed AZSletch's ghost (novice DrTm)
  4648 | D:7      | Noticed a green ugly thing
  4658 | D:7      | Found a transporter.
  4731 | D:7      | Found a transporter.
  4759 | D:7      | Found a white marble altar of Elyvilon.
  4893 | D:7      | Noticed Harold
  4909 | D:7      | Killed Harold
  4910 | D:7      | Reached skill level 10 in Unarmed Combat
  5100 | D:7      | Found a glowing golden altar of the Shining One.
  5263 | D:7      | Killed an ancient zyme
  5311 | D:7      | Gained mutation: You have a beak for a mouth. [potion of
                  | mutation]
  5311 | D:7      | Gained mutation: Your mind is acute. (Int +2) [potion of
                  | mutation]
  5319 | D:7      | Killed a green ugly thing
  5320 | D:7      | Reached skill level 11 in Unarmed Combat
  5320 | D:7      | Reached skill level 5 in Evocations
  5320 | D:7      | Reached XP level 10. HP: 40/96 MP: 9/9
  5338 | D:7      | Killed AZSletch's ghost
  5464 | D:8      | Noticed Joseph
  5476 | D:8      | Killed Joseph
  5536 | D:8      | Reached skill level 12 in Unarmed Combat
  5570 | D:8      | Found a shadowy altar of Dithmenos.
  5692 | D:8      | Noticed a two-headed ogre
  5705 | D:8      | Killed a two-headed ogre
  5804 | D:8      | Reached skill level 13 in Unarmed Combat
  6149 | D:8      | Found a staircase to the Lair.
  6247 | Lair:1   | Entered Level 1 of the Lair of Beasts
  6247 | Lair:1   | Noticed a cane toad
  6257 | Lair:1   | Killed a cane toad
  6258 | Lair:1   | Reached XP level 11. HP: 87/102 MP: 10/10
  6278 | Lair:1   | Found a gate leading to a gauntlet.
  6294 | Gauntlet | Entered a Gauntlet
  6294 | Gauntlet | Found a transporter.
  6303 | Gauntlet | Found a transporter.
  6318 | Gauntlet | Found a transporter.
  6322 | Gauntlet | Noticed a necromancer
  6323 | Gauntlet | Found a transporter.
  6325 | Gauntlet | Noticed a death yak
  6337 | Gauntlet | Noticed a blizzard demon
  6344 | Gauntlet | Found a transporter.
  6357 | Gauntlet | Found a transporter.
  6359 | Gauntlet | Noticed a death yak
  6360 | Gauntlet | Noticed a death yak
  6369 | Gauntlet | Found a transporter.
  6370 | Gauntlet | Noticed a wizard
  6372 | Gauntlet | Noticed a wizard
  6375 | Gauntlet | Found a transporter.
  6387 | Gauntlet | Noticed a thrashing horror
  6390 | Gauntlet | Found a transporter.
  6399 | Gauntlet | Noticed a hell hog
  6402 | Gauntlet | Found a transporter.
  6408 | Gauntlet | Found a transporter.
  6408 | Gauntlet | Found a transporter.
  6423 | Gauntlet | Found a transporter.
  6429 | Gauntlet | Found a transporter.
  6468 | Gauntlet | Found a transporter.
  6493 | Gauntlet | Found a transporter.
  6513 | Gauntlet | Found a transporter.
  6702 | Gauntlet | Noticed a catoblepas
  6748 | Gauntlet | Found a transporter.
  6792 | Gauntlet | Reached skill level 14 in Unarmed Combat
  6858 | Gauntlet | Killed a wizard
  6864 | Gauntlet | Killed a wizard
  6887 | Gauntlet | Identified the ring of Peroyr {Fire Will+ Dex+4}
  6901 | Gauntlet | Noticed a minotaur
  6909 | Gauntlet | Killed a minotaur
  6959 | Gauntlet | Identified the +8 quarterstaff "Faluf" {venom, rPois Will++
                  | Int+4}
  7066 | Lair:1   | Noticed a six-headed hydra
  7071 | Lair:1   | Killed a seven-headed hydra
  7075 | Lair:1   | Reached skill level 15 in Unarmed Combat
  7178 | Lair:1   | Lost mutation: Your mind is acute. (Int +2) [potion of
                  | mutation]
  7178 | Lair:1   | Gained mutation: Your flesh is heat resistant. (rF+)
                  | [potion of mutation]
  7178 | Lair:1   | Gained mutation: You tend to lose your temper in combat.
                  | [potion of mutation]
  7259 | Lair:1   | Noticed Gastronok
  7278 | Lair:1   | Killed Gastronok
  7375 | Lair:1   | Noticed an eight-headed hydra
  7382 | Lair:1   | Killed a ten-headed hydra
  7383 | Lair:1   | Reached skill level 16 in Unarmed Combat
  7638 | Lair:2   | You fall into a shaft and drop 2 floors!
  7664 | Lair:4   | Reached XP level 12. HP: 110/111 MP: 11/11
  7744 | Lair:3   | Noticed a death yak
  7744 | Lair:3   | Noticed a death yak
  7744 | Lair:3   | Noticed a death yak
  7744 | Lair:3   | Noticed a death yak
  7744 | Lair:3   | Noticed a death yak
  7752 | Lair:4   | Killed a death yak
  7795 | Lair:4   | Found a hole to the Spider Nest.
  7813 | Lair:4   | Slain by a redback

Illustrated notes

Levels and vault maps discovered:
D:1:      wander_arrival_chamber, layout_loops_ring,
          shapermc_ecumenical_altar_flowoftime, minmay_pentomino_q4
D:2:      layout_basic, basic_altar, chequers_serial_rivers_micro_e,
          lexackson_kobold_supper
D:3:      layout_loops_ring, minmay_misc_feat_iff, hangedman_decor_push
D:4:      layout_loops_ring
D:5:      layout_loops_cross, grunt_temple_overflow_open,
          minmay_temple_entry_slanted, serial_bayou_pond_b
D:6:      layout_basic, nicolae_sif_muna_little_library
D:7:      layout_basic, lemuel_tele_altar, elyvilon_altar_5,
          gammafunk_ghost_abyssal_escape, kennysheep_donut, uniq_maggie,
          uniq_harold
D:8:      layout_basic, nicolae_dithmenos_through_a_glass_darkly,
          erik_lair_dragon, uniq_joseph
Temple:   zaba_magenta_temple
Lair:1:   layout_long_grid, gauntlet_entry_generic, uniq_gastronok
Lair:2:   lemuel_reptile_caves, layout_regular_city, minmay_swamp_entry_worms,
          st_stairs_11, minmay_lair_oklob_chamber, grunt_megastairs_4,
          infiniplex_staircase_pool_2, serial_bayou_shore_b
Lair:3:   beast_lair_carwin_large_4, layout_cave_pods, serial_forest,
          infiniplex_forest_end_1, infiniplex_forest_end_2,
          infiniplex_forest_lined_room_2, infiniplex_forest_clump_double,
          infiniplex_forest_pool, infiniplex_forest_split
Lair:4:   layout_loops_ring, spider_nest_entry_funnel_web,
          hangedman_lair_unloving_vines, infiniplex_staircase_pool

Skill      XL: |  1  2  3  4  5  6  7  8  9 10 11 |
---------------+----------------------------------+-----
Dodging        | 3 4 5 |  5.0
Fighting       | 3 4 5 |  5.0
Unarmed Combat | 4 5 8 9 11 13 16 | 16.5
Evocations     | 1 5 |  5.0
Stealth        | |  1.0

Action                   |  1- 3 |  4- 6 |  7- 9 | 10-12 || total
-------------------------+-------+-------+-------+-------++-------
Melee: Unarmed           |   148 |   113 |   160 |   237 ||   658
       Punch             |       |     2 |     8 |    23 ||    33
       Peck              |       |       |       |    62 ||    62
Evoke: Wand              |       |       |     5 |     7 ||    12
  Use: Potion            |       |       |     3 |     1 ||     4
       Scroll            |       |       |       |     7 ||     7
 Stab: Sleeping          |     3 |     2 |     2 |       ||     7
Armor: Robe              |    49 |    47 |    37 |       ||   133
       Swamp dragon scal |       |       |    13 |    81 ||    94
Dodge: Dodged            |    57 |    82 |   106 |   122 ||   367
